 Dungeon Crawl Stone Soup version 0.30-a0-948-g4fa250aae5 (webtiles) character file.

Game seed: 9521550570074908862

13822 dracfodder the Cleaver (level 12, -3/92 HPs)
             Began as a Formicid Fighter on Mar 26, 2023.
             Was a High Priest of Okawaru.
             Slain by a two-headed ogre
             ... wielding a +0 giant spiked club
              (10 damage)
             ... on level 9 of the Dungeon.
             The game lasted 00:48:48 (9883 turns).

dracfodder the Cleaver (Formicid Fighter)           Turns: 9883, Time: 00:48:49

Health: -3/92      AC: 15    Str: 31    XL:     12   Next: 37%
Magic:  12/13      EV: 14    Int: 15    God:    Okawaru [*****.]
Gold:   484        SH: 24    Dex: 13    Spells: 11/11 levels left

rFire   x . .      SeeInvis +    F - +1 halberd (flame)
rCold   x . .      Faith    .    z - +5 tower shield of Vionu {Fly Str+3}
rNeg    . . .      Spirit   .    B - +0 acid dragon scales
rPois   .          Reflect  .    (helmet unavailable)
rElec   .          Rampage  .    C - +2 cloak {Stlth+}
rCorr   +                        c - +0 pair of gloves
Will    ++...                    H - +0 pair of boots of the Morning Star {rC- Regen+ Str+3 Int+4 SInv}
Stlth   ++++++                   v - amulet "Rulir" {+Blink Regen+ Int+2 Stlth+}
HPRegen 1.95/turn                p - ring of willpower
MPRegen 0.13/turn                E - +4 ring of slaying

@: heroic, flying
A: permanent stasis, dig shafts and tunnels, antennae 3, four strong arms, heat
vulnerability 1, subdued magic 1
a: Dig, Shaft Self, Renounce Religion, Heroism, Finesse, Duel


You were on level 9 of the Dungeon.
You worshipped Okawaru.
Okawaru was extremely pleased with you.
You visited 3 branches of the dungeon, and saw 12 of its levels.

You collected 741 gold pieces.
You spent 257 gold pieces at shops.

Inventory:

Hand Weapons
 a - a +0 war axe of freezing
 b - a +0 shortbow
 n - the +1 hammer of Patterns {antimagic, rN++ Dex-5}
   (You found it on level 2 of the Dungeon)

   Dex:       It affects your dexterity (-5).
   rN:        It greatly protects you from negative energy.
 F - a +1 halberd of flaming (weapon)
Missiles
 d - a throwing net
 e - 28 poisoned darts
 f - 12 boomerangs
 x - a silver javelin
 y - 2 boomerangs of dispersal
Armour
 c - a +0 pair of gloves (worn)
 m - the +2 chain mail of Muaj {*Corrode Drain Str+5}
   (You found it on level 2 of the Dungeon)

   Str:       It affects your strength (+5).
   *Corrode:  It may corrode you when you take damage.
   Drain:     It drains your maximum health when unequipped.
 r - the +4 kite shield of Ethics {rC+}
   (You acquired it on level 4 of the Dungeon)

   rC:        It protects you from cold.
 z - the +5 tower shield of Vionu (worn) {Fly Str+3}
   (Okawaru gifted it to you on level 10 of the Dungeon)

   Str:       It affects your strength (+3).
   Fly:       It grants you flight.
 B - +0 acid dragon scales (worn)
 C - a +2 cloak of stealth (worn)
 G - +0 steam dragon scales
 H - the +0 pair of boots of the Morning Star (worn) {rC- Regen+ Str+3 Int+4 SInv}
   (You bought it in a shop on level 9 of the Dungeon)

   Str:       It affects your strength (+3).
   Int:       It affects your intelligence (+4).
   rC:        It makes you vulnerable to cold.
   SInv:      It lets you see invisible.
   Regen:     It increases your rate of health regeneration.
Jewellery
 i - a ring of flight
 l - a ring of resist corrosion
 p - a ring of willpower (left hand)
 q - an amulet of faith
 v - the amulet "Rulir" (around neck) {+Blink Regen+ Int+2 Stlth+}
   (You took it off Maurice on level 8 of the Dungeon)

   [amulet of regeneration]

   Int:       It affects your intelligence (+2).
   +Blink:    It lets you blink.
   Regen:     It increases your rate of health regeneration.
   Stlth:     It makes you more stealthy.
 A - a ring of fire
 E - a +4 ring of slaying (right hand)
Wands
 g - a wand of paralysis (2)
 j - a wand of flame (43) (quivered)
 s - a wand of light (11)
 u - a wand of polymorph (16)
 w - a wand of iceblast (12)
Scrolls
 t - a scroll of magic mapping
 D - 2 scrolls of fog
Potions
 h - a potion of magic
 k - 3 potions of brilliance
 o - a potion of heal wounds
 J - a potion of might
 K - a potion of lignification {unknown}


   Skills:
 + Level 8.1(13.1) Fighting
 + Level 12.1(17.3) Axes
 + Level 3.1(13.4) Polearms
 + Level 1.1(6.1) Ranged Weapons
 + Level 1.3(6.3) Throwing
 + Level 7.2(12.2) Armour
 + Level 5.0(10.0) Dodging
 + Level 5.7(10.7) Stealth
 + Level 11.9(16.9) Shields
 + Level 0.3(5.3) Unarmed Combat
 + Level 1.7 Invocations
 + Level 1.3 Evocations


You had 11 spell levels left.
You didn't know any spells.
Your spell library contained the following spells:

 Spells                   Type           Power      Damage    Failure   Level
 Freeze                   Ice            0%         1d3       52%         1
 Slow                     Hex            0%         N/A       52%         1
 Confusing Touch          Hex            0%         N/A       89%         3
 Frozen Ramparts          Ice            0%         1d1       89%         3
 Hailstorm                Conj/Ice       0%         3d3       89%         3
 Inner Flame              Hex/Fire       0%         N/A       89%         3
 Kindle Blastsparks       Fire/Tloc/Air  0%         2d10      89%         3
 Portal Projectile        Hex/Tloc       0%         N/A       89%         3
 Vampiric Draining        Necr           0%         2d6       89%         3
 Flame Wave               Conj/Fire      0%         2d4       100%        4
 Fulminant Prism          Conj/Hex       0%         3d5       100%        4
 Iskenderun's Mystic Bla  Conj/Tloc      0%         2d3       100%        4
 Sticky Flame             Conj/Fire      0%         2d3       100%        4
 Blade Hands              Tmut           0%         N/A       100%        5
 Lee's Rapid Deconstruct  Erth           0%         3d4*      100%        5
 Tukima's Dance           Hex            Unusable   N/A       N/A         3

Dungeon Overview and Level Annotations

Branches:
Dungeon (10/15)            Temple (1/1) D:5            Lair (0/5) D:10
    Orc (1/2) D:9

Altars:
Ashenzari
Cheibriados
Dithmenos
Elyvilon
Hepliaklqana
Kikubaaqudgha
Nemelex Xobeh
Okawaru
Qazlal
Ru
Vehumet
Wu Jian
Xom
Yredelemnul
The Shining One
Jiyva

Shops:
D:3 *   D:8 !   D:9 [

Annotations:
D:10 2 transporters, bearlyready's ghost, journeyman AtBe


Innate Abilities, Weirdness & Mutations

You cannot be hasted, slowed, berserked, paralysed or teleported.
You can dig through walls and to a lower floor.
You have a pair of large antennae on your head. (SInv)
Your four strong arms can wield two-handed weapons with a shield.
You are vulnerable to heat. (rF-)
Your spells are a little easier to cast, but a little less powerful.


Message History

You block the orc's attack. You block the two-headed ogre's attack.
The two-headed ogre closely misses you.
You impale the two-headed ogre!! You burn the two-headed ogre.
You kill the two-headed ogre!
Okawaru accepts your kill. You block the ogre's attack.
You block the two-headed ogre's attack.
The two-headed ogre hits you with a +0 giant club!
* * * LOW HITPOINT WARNING * * *
Your base Polearms skill increases to level 3!
You slice the two-headed ogre!! You burn the two-headed ogre!
The two-headed ogre is heavily wounded.
You block the orc's attack. You block the two-headed ogre's attack.
The two-headed ogre barely misses you.
You barely miss the two-headed ogre.
The two-headed ogre is heavily wounded.
You block the orc's attack. You block the ogre's attack.
You block the two-headed ogre's attack.
The two-headed ogre hits you with a +0 giant club!
* * * LOW HITPOINT WARNING * * *
You barely miss the two-headed ogre.
The two-headed ogre is heavily wounded.
The orc closely misses you. You block the two-headed ogre's attack.
The two-headed ogre barely misses you. You block the ogre's attack.
You block the two-headed ogre's attack. The two-headed ogre closely misses you.
You hit the two-headed ogre but do no damage.
The two-headed ogre is heavily wounded.
You block the orc's attack. The two-headed ogre barely misses you.
You block the two-headed ogre's attack.
You slash the two-headed ogre! You burn the two-headed ogre.
The two-headed ogre is severely wounded.
You block the orc's attack. You block the ogre's attack.
The two-headed ogre hits you with a +0 giant spiked club!
* * * LOW HITPOINT WARNING * * *
The two-headed ogre closely misses you.
You slash the two-headed ogre! You burn the two-headed ogre!
You kill the two-headed ogre!
Okawaru accepts your kill. The orc barely misses you.
You block the two-headed ogre's attack.
The two-headed ogre hits you with a +0 giant club!
You die...

#.......># #............#
'........# #............#
#........# #............#
#........#####....######..#
#.........[)...........#..#
#####...##[[...........#..#
...##.###...)..........#.[#
..##...##......)o......#..#######
..#..~..#......)@O..............#
....~~~..........O.....#........#
..#..~..#..............#......###
..##...##.....................#
#####.###..............#......#
#.......#.......#..#...#......#
#.......#########..#>..'...<..#
#..................#...#......#
#################.............#


You could see a two-headed ogre, an ogre and an orc.

Vanquished Creatures
  The ghost of ytrimaz the Protected, a journeyman FoFi of Okawaru (D:9)
  Josephine (D:10)
  Erica (D:10)
  3 two-headed ogres
  A tengu warrior (D:9)
  Sonja (D:10)
  Pikel (D:7)
  A deep elf pyromancer (D:9)
  An elephant (shapeshifter) (D:9)
  A manticore (D:9)
  Maurice (D:8)
  Maggie (D:9)
  A kobold demonologist (D:10)
  2 trolls
  A hornet (D:9)
  2 slime creatures (D:9)
  A shadow (D:9)
  6 wraiths
  A wyvern (D:9)
  4 yaks (D:10)
  A warg (D:9)
  2 acid dragons (D:9)
  A water moccasin (D:3)
  4 black bears
  An ice beast (D:7)
  3 orc warriors
  A sky beast (D:7)
  2 ogres
  A centaur (D:7)
  2 phantoms (D:5)
  2 kobold brigands
  5 bullfrogs
  2 scorpions
  A gnoll sergeant (D:8)
  3 wights (D:7)
  17 killer bees
  4 howler monkeys
  3 hounds
  5 jellies
  Crazy Yiuf (D:2)
  8 orc priests
  3 iguanas
  Natasha (thrice) (D:2)
  3 orc wizards
  9 gnolls
  13 adders
  A shadow imp (D:7)
  3 white imps
  2 ufetubi
  2 worms (D:2)
  3 dart slugs
  44 orcs
  6 endoplasms
  2 giant cockroaches
  5 hobgoblins
  6 jackals (D:3)
  6 quokkas
  8 ball pythons
  9 bats
  3 frilled lizards
  2 goblins (D:4)
  17 kobolds
  10 rats
261 creatures vanquished.

Vanquished Creatures (others)
  3 fungi (D:10)
  3 plants (D:10)
6 creatures vanquished.

Grand Total: 267 creatures vanquished

Notes
Turn   | Place    | Note
-------+----------+-------------------------------------------
     0 | D:1      | dracfodder the Formicid Fighter began the quest for the
                  | Orb.
     0 | D:1      | Reached XP level 1. HP: 18/18 MP: 1/1
   253 | D:1      | Reached XP level 2. HP: 18/24 MP: 2/2
   671 | D:1      | Reached XP level 3. HP: 27/29 MP: 3/3
  1111 | D:2      | Found a faded altar of an unknown god.
  1147 | D:2      | Reached XP level 4. HP: 31/35 MP: 4/4
  1207 | D:2      | Reached skill level 1 in Dodging
  1474 | D:2      | Identified the +2 chain mail of Muaj {*Corrode Drain Str+5}
  1634 | D:2      | Found a runed translucent door.
  1635 | D:2      | Noticed Crazy Yiuf
  1693 | D:2      | Noticed Natasha
  1705 | D:2      | Killed Natasha
  1706 | D:2      | Reached skill level 3 in Axes
  1935 | D:2      | Killed Crazy Yiuf
  1936 | D:2      | Reached XP level 5. HP: 7/42 MP: 5/5
  1938 | D:2      | Identified the +1 hammer of Patterns {antimagic, rN++
                  | Dex-5}
  2182 | D:2      | Noticed Natasha
  2189 | D:2      | Killed Natasha
  2334 | D:2      | Noticed Natasha
  2341 | D:2      | Killed Natasha
  2372 | D:3      | Found Fuipu's General Store.
  2527 | D:3      | Noticed a water moccasin
  2537 | D:3      | Killed a water moccasin
  2538 | D:3      | Reached skill level 4 in Axes
  2538 | D:3      | Reached skill level 1 in Throwing
  2538 | D:3      | Reached skill level 1 in Stealth
  2538 | D:3      | Reached XP level 6. HP: 24/48 MP: 6/6
  3523 | D:4      | Reached skill level 5 in Armour
  3523 | D:4      | Reached XP level 7. HP: 42/54 MP: 7/7
  3652 | D:4      | Identified a scroll of acquirement
  3652 | D:4      | Acquired the +4 kite shield of Ethics {rC+}
  3874 | D:4      | Reached skill level 5 in Axes
  3874 | D:4      | Reached skill level 5 in Shields
  4021 | D:4      | Identified the +1 leather armour of Beauty {Stlth+}
  4230 | D:5      | Entered Level 5 of the Dungeon
  4288 | D:5      | Reached XP level 8. HP: 52/60 MP: 8/8
  4658 | D:5      | Found a staircase to the Ecumenical Temple.
  4694 | Temple   | Entered the Ecumenical Temple
  4699 | Temple   | Became a worshipper of Warmaster Okawaru
  4964 | D:6      | Found a white marble altar of Elyvilon.
  4977 | D:6      | Reached skill level 6 in Axes
  5318 | D:6      | Found a glowing golden altar of the Shining One.
  5338 | D:6      | Found a sparkling altar of Nemelex Xobeh.
  5586 | D:7      | Noticed Pikel
  5601 | D:7      | Killed Pikel
  5601 | D:7      | Reached * piety under Okawaru
  5602 | D:7      | Reached skill level 5 in Fighting
  5602 | D:7      | Reached skill level 7 in Axes
  5602 | D:7      | Reached XP level 9. HP: 50/68 MP: 9/9
  5717 | D:7      | Found a snail-covered altar of Cheibriados.
  6041 | D:7      | Reached ** piety under Okawaru
  6128 | D:7      | Reached skill level 8 in Axes
  6543 | D:8      | Found Qoedomm's Distillery.
  6559 | D:8      | Gained mutation: You are partially covered in iridescent
                  | scales. (AC +2) [potion of mutation]
  6559 | D:8      | Gained mutation: You have sharp fingernails. [potion of
                  | mutation]
  6560 | D:8      | Lost mutation: You have sharp fingernails. [potion of
                  | mutation]
  6560 | D:8      | Lost mutation: You are partially covered in iridescent
                  | scales. (AC +2) [potion of mutation]
  6560 | D:8      | Gained mutation: You are vulnerable to heat. (rF-) [potion
                  | of mutation]
  6560 | D:8      | Gained mutation: Your spells are a little easier to cast,
                  | but a little less powerful. [potion of mutation]
  6567 | D:8      | Noticed Maurice
  6571 | D:8      | Identified the amulet "Rulir" {+Blink Regen+ Int+2 Stlth+}
  6583 | D:8      | Killed Maurice
  6584 | D:8      | Reached XP level 10. HP: 72/76 MP: 8/10
  6597 | D:8      | Reached skill level 1 in Ranged Weapons
  6723 | D:8      | Reached skill level 9 in Axes
  6747 | D:8      | HP: 2/76 [orc priest/divine providence (17)]
  6974 | D:8      | Found a broken altar of Ashenzari.
  7509 | D:9      | Noticed Maggie
  7522 | D:9      | Killed Maggie
  7522 | D:9      | Reached *** piety under Okawaru
  7567 | D:9      | Found Lasseh's Armour Shoppe.
  7601 | D:9      | Bought the +0 pair of boots of the Morning Star {rC- Regen+
                  | Str+3 Int+4 SInv} for 257 gold pieces
  7664 | D:9      | Received a gift from Okawaru
  7785 | D:9      | Found a runed translucent gate.
  7785 | D:9      | Found a runed translucent gate.
  7785 | D:9      | Found a runed translucent gate.
  7786 | D:9      | Found a viscous altar of Jiyva.
  7786 | D:9      | Noticed ytrimaz's ghost (journeyman FoFi)
  7809 | D:9      | Noticed a manticore
  7828 | D:9      | Killed a manticore
  7829 | D:9      | Reached skill level 10 in Shields
  7905 | D:9      | Found a staircase to the Orcish Mines.
  7909 | D:9      | Reached skill level 10 in Axes
  7909 | D:9      | Reached XP level 11. HP: 81/83 MP: 11/11
  7912 | D:9      | Reached **** piety under Okawaru
  8017 | D:9      | Identified the +4 whip of Taxation {pain, Int+3 Dex+7}
  8169 | D:9      | Noticed a tengu warrior
  8193 | D:9      | Noticed a deep elf pyromancer
  8206 | D:9      | Killed a deep elf pyromancer
  8693 | D:9      | Killed a tengu warrior
  8761 | D:9      | Noticed an elephant
  8768 | D:9      | Killed an elephant
  9065 | D:9      | Reached skill level 1 in Invocations
  9085 | D:9      | Killed ytrimaz's ghost
  9086 | D:9      | Reached skill level 11 in Axes
  9154 | D:10     | Entered Level 10 of the Dungeon
  9163 | D:10     | Noticed Josephine
  9181 | D:10     | Killed Josephine
  9206 | D:10     | Reached ***** piety under Okawaru
  9240 | D:10     | Noticed Sonja
  9251 | D:10     | Killed Sonja
  9251 | D:10     | Identified the +5 tower shield of Vionu {Fly Str+3}
                  | (Okawaru gifted it to you on level 10 of the Dungeon)
  9251 | D:10     | Received a gift from Okawaru
  9252 | D:10     | Reached XP level 12. HP: 91/91 MP: 13/13
  9255 | D:10     | Reached skill level 5 in Stealth
  9264 | D:10     | Reached skill level 12 in Axes
  9353 | D:10     | Reached skill level 1 in Polearms
  9371 | D:10     | Noticed a two-headed ogre
  9376 | D:10     | Killed a two-headed ogre
  9377 | D:10     | Reached skill level 1 in Evocations
  9413 | D:10     | Found a radiant altar of Vehumet.
  9466 | D:10     | Found a transporter.
  9469 | D:10     | Found a transporter.
  9471 | D:10     | Noticed bearlyready's ghost (journeyman AtBe)
  9564 | D:10     | Noticed Erica
  9576 | D:10     | Killed Erica
  9759 | D:10     | Found a staircase to the Lair.
  9761 | D:10     | Reached skill level 5 in Dodging
  9860 | Orc:1    | Entered Level 1 of the Orcish Mines
  9860 | Orc:1    | Noticed an ogre mage
  9860 | Orc:1    | Noticed a two-headed ogre
  9860 | Orc:1    | Noticed a two-headed ogre
  9860 | Orc:1    | Noticed an ogre mage
  9860 | Orc:1    | Noticed a two-headed ogre
  9861 | Orc:1    | Noticed a two-headed ogre
  9862 | Orc:1    | Noticed a two-headed ogre
  9869 | Orc:1    | Noticed a two-headed ogre
  9877 | D:9      | Killed a two-headed ogre
  9883 | D:9      | Killed a two-headed ogre
  9883 | D:9      | Slain by a two-headed ogre

Illustrated notes

Levels and vault maps discovered:
D:1:      amcnicky_arrival_gap_in_the_tavern_cellar, layout_loops_corners,
          minmay_indecisive_spiral
D:2:      layout_basic, ebering_ecumenical_altar_petrified, minmay_pentomino_p4,
          uniq_natasha, uniq_crazy_yiuf_cottage
D:3:      layout_basic, serial_shops, nicolae_diamond_shop, serial_curves,
          eino_curves_04, eino_curves_02, grunt_ministairs_3
D:4:      layout_loops_cross
D:5:      layout_loops_ring, minmay_temple_entry_slanted
D:6:      layout_gridville, amcnicky_altar_gilded, mainiacjoe_overflow_swirl
D:7:      layout_loops_corners, kennysheep_slug_shrine, uniq_pikel
D:8:      layout_rooms, kennysheep_mini_moat, serial_shops, shop, uniq_maurice
D:9:      layout_irregular_city, david_orc_3, serial_shops, shop,
          gammafunk_ghost_ooze, kennysheep_pointless_box,
          amcnicky_mini_pool_small, wad_mini_maze, uniq_maggie
D:10:     layout_rooms, mainiacjoe_overflow_concentric_impassable,
          grunt_lair_entry_orc_guard_hut, gammafunk_ghost_hive, uniq_sonja,
          uniq_josephine, uniq_erica
Temple:   compressed_dpeg_triangle_lava_temple
Orc:1:    layout_caves

Skill      XL: |  1  2  3  4  5  6  7  8  9 10 11 12 |
---------------+-------------------------------------+-----
Dodging        | 1 2 3 4 5 |  5.0
Axes           | 3 4 5 7 8 10 11 12 | 12.1
Armour         | 4 5 6 7 |  7.2
Fighting       | 4 5 6 7 8 |  8.1
Throwing       | 1 |  1.3
Stealth        | 1 2 3 4 5 |  5.7
Shields        | 5 7 8 10 11 | 11.9
Ranged Weapons | 1 |  1.1
Invocations    | 1 |  1.7
Polearms       | 3 |  3.1
Evocations     | 1 |  1.3
Unarmed Combat | |  0.3

Action                     |  1- 3 |  4- 6 |  7- 9 | 10-12 || total
---------------------------+-------+-------+-------+-------++-------
  Melee: War axe           |    73 |   156 |   285 |   306 ||   820
         Unarmed           |       |       |     1 |     6 ||     7
         Halberd           |       |       |       |    49 ||    49
   Fire: Shortbow          |       |       |     6 |     3 ||     9
  Throw: Boomerang         |     2 |     9 |     2 |     5 ||    18
         Dart              |       |     9 |       |       ||     9
 Invoke: Heroism           |       |       |     2 |     8 ||    10
         Finesse           |       |       |       |     1 ||     1
Ability: Dig               |       |       |       |     2 ||     2
  Evoke: Wand              |       |       |       |    16 ||    16
    Use: Scroll            |     3 |     3 |    10 |     8 ||    24
         Potion            |       |     1 |     4 |     4 ||     9
   Stab: Sleeping          |       |       |       |     9 ||     9
         Paralysed         |       |       |       |     3 ||     3
 Armour: Scale mail        |    40 |    58 |   100 |    34 ||   232
         Steam dragon scal |       |       |       |    33 ||    33
         Acid dragon scale |       |       |       |    23 ||    23
  Dodge: Dodged            |    35 |    76 |   101 |   127 ||   339
  Block: Buckler           |    22 |    32 |     1 |       ||    55
         Kite shield       |       |       |   249 |   264 ||   513
         Tower shield      |       |       |       |    58 ||    58

Table legend: (Time is in decaauts)
 A = Elapsed time spent in this place.
 B = Non-inter-level travel time spent in this place.
 C = Inter-level travel time spent in this place.
 D = Time resting spent in this place.
 E = Time spent auto-exploring this place.
 F = Levels seen in this place.
 G = Mean time per level.
                   A        B        C        D        E       F      G
               +--------+--------+--------+--------+--------+-----+--------+
         Total |  10075 |   9514 |    561 |   1151 |   5669 |  12 |  839.6 |
       Dungeon |  10057 |   9496 |    561 |   1151 |   5669 |  10 | 1005.7 |
        Temple |     10 |     10 |      0 |      0 |      0 |   1 |   10.0 |
  Orcish Mines |      6 |      6 |      0 |      0 |      0 |   1 |    6.0 |
               +--------+--------+--------+--------+--------+-----+--------+

Top non-repeatable levels by time:
     D:9: 1686 daAuts
     D:2: 1400 daAuts
     D:7: 1358 daAuts
     D:1: 1033 daAuts
     D:4: 976 daAuts
     D:3: 945 daAuts
     D:8: 758 daAuts
    D:10: 708 daAuts
     D:5: 697 daAuts
     D:6: 493 daAuts
  Temple: 10 daAuts
   Orc:1: 6 daAuts
